 Dungeon Crawl Stone Soup version 0.18-a0-845-gc59c8fa (webtiles) character file.

60 Proton the Insei (level 4, 24/24 HPs)
             Began as a Vine Stalker Monk on Dec 20, 2015.
             Was a Believer of Fedhas.
             Quit the game on level 2 of the Dungeon.
             The game lasted 00:01:48 (1213 turns).

Proton the Insei (Vine Stalker Monk)                Turns: 1213, Time: 00:01:49

Health: 24/24      AC:  2    Str: 14    XL:     4   Next: 6%
Magic:  5/5        EV: 13    Int: 10    God:    Fedhas [**....]
Gold:   88         SH:  0    Dex: 17    Spells: 0 memorised, 3 levels left

rFire  . . .     SeeInvis .       - Unarmed
rCold  . . .     Gourm    .     a - +0 robe
rNeg   . . .     Faith    .     (no shield)
rPois  .         Spirit   +     (no helmet)
rElec  .         Dismiss  .     (no cloak)
rCorr  .         Reflect  .     (no gloves)
SustAt .         Harm     .     (no boots)
MR     .....                    (no amulet)
Stlth  ++........               (no ring)
                                (no ring)

@: not resistant to hostile enchantments, unstealthy
A: fangs 2, regeneration 1, magic shield, antimagic bite, no device heal 3, rot
immunity
a: Evolution, Sunlight, Renounce Religion


You were on level 2 of the Dungeon.
You worshipped Fedhas.
Fedhas was pleased with you.
You were very hungry.

You visited 1 branch of the dungeon, and saw 2 of its levels.

You collected 88 gold pieces.

Inventory:

Armour
 a - a +0 robe (worn)
Scrolls
 d - 2 scrolls of identify {unknown}
 e - 2 scrolls of noise {unknown}
 h - a scroll of random uselessness {unknown}
 i - a scroll of recharging {unknown}
 k - a scroll of fear {unknown}
 m - a scroll of fog {unknown}
 n - a scroll of enchant armour {unknown}
Potions
 f - a potion of flight {unknown}
 j - a potion of heal wounds {unknown}
 l - a potion of brilliance {unknown}
Comestibles
 b - a bread ration
 c - 2 meat rations
 g - 3 beef jerkies


   Skills:
 + Level 3.1 Fighting
 + Level 1.0 Armour
 + Level 2.9 Dodging
 - Level 2.4 Stealth
 * Level 4.4 Unarmed Combat


You had 3 spell levels left.
You didn't know any spells.

Dungeon Overview and Level Annotations

Branches:
Dungeon (2/15)

Altars:
Fedhas


Innate Abilities, Weirdness & Mutations

You have extremely sharp teeth.
Your natural rate of healing is unusually fast.
When hurt, damage is shared between your health and your magic reserves.
Your bite disrupts and absorbs the magic of your enemies.
Potions and wands cannot restore your health.
You are immune to rotting.


Message History

There is an open door here.
Found a faded altar to an unknown god.
You now have 88 gold pieces (gained 12).
You open the door.
There is an open door here.
There is an open door here.
You open the door.
There is an open door here.
As you open the door, it creaks loudly!
Found 11 poisoned needles.
You are feeling very hungry.
There is an open door here.
There is a faded altar to an unknown god here.
This altar will convert you to a god.
You cannot discern which.
Do you pray? Fedhas accepts your prayer! Fedhas welcomes you!
You can now induce evolution.
You can now call sunshine.
The plants of the dungeon cease their hostilities.
You can now pray to speed up the decay of corpses.
Are you sure you want to abandon this character and quit the game? (Confirm with "yes".)

########## ############
#........######### ......#....#
#..#.....#.......# ......#....#
#.#@#....#...>...# ......#....#
#..#.....#.......###
..†...#....###........#..........
.>....'....'..........+..........
......#....#####......#..........
.[....#....# #......#..........
......##########......#..........
...†..# #...'......'..<.######
......# #.###......##.#.......


There were no monsters in sight!

Vanquished Creatures
  An adder (D:2)
  A worm (D:2)
  3 giant geckos
  2 bats
  A giant cockroach (D:2)
  3 hobgoblins
  11 jackals (D:1)
  5 kobolds
  3 giant newts (D:1)
  7 goblins
  5 rats
42 creatures vanquished.

Notes
Turn   | Place    | Note
--------------------------------------------------------------
     0 | D:1      | Proton the Vine Stalker Monk began the quest for the Orb.
     0 | D:1      | Reached XP level 1. HP: 11/11 MP: 2/2
    39 | D:1      | Reached XP level 2. HP: 8/16 MP: 3/3
   433 | D:1      | Reached XP level 3. HP: 19/19 MP: 4/4
  1079 | D:2      | Reached skill level 1 in Armour
  1121 | D:2      | Reached XP level 4. HP: 20/24 MP: 5/5
  1145 | D:2      | Found a faded altar to an unknown god.
  1213 | D:2      | Became a worshipper of Fedhas Madash
  1213 | D:2      | Reached * piety under Fedhas
  1213 | D:2      | Reached ** piety under Fedhas
  1213 | D:2      | Quit the game

Vault maps used:
D:1:      minmay_arrival_arboretum_small
D:2:      ecumenical_altar_1

Action                   |  1- 3 |  4- 6 || total
-------------------------+-------+-------++-------
Melee: Unarmed           |   129 |     1 ||   130
 Stab: Sleeping          |     3 |       ||     3
